 Dungeon Crawl Stone Soup version 0.29.1-1-gd02db6906a (webtiles) character file.

Game seed: 1415490442535423257

31 funkygono the Firebug (level 3, 0/19 HPs)
             Began as a Gargoyle Fire Elementalist on Sept 17, 2022.
             Slain by Terence
             ... wielding a +0 hand axe
              (1 damage)
             ... on level 2 of the Dungeon.
             The game lasted 00:02:20 (1269 turns).

funkygono the Firebug (Gargoyle Fire Elementalist)  Turns: 1269, Time: 00:02:21

Health: 0/19       AC:  5    Str: 11    XL:     3   Next: 22%
Magic:  1/6        EV: 12    Int: 17    God:
Gold:   66         SH:  0    Dex: 10    Spells: 0/6 levels left

rFire   . . .      SeeInvis .   h - +0 club
rCold   . . .      Faith    .   (no shield)
rNeg    + . .      Spirit   .   a - +0 robe
rPois   ∞          Reflect  .   (no helmet)
rElec   +          Harm     .   (no cloak)
rCorr   .          Rampage  .   (no gloves)
Will    .....                   (no boots)
Stlth   ++........              (no amulet)
HPRegen 0.06/turn               (no ring)
MPRegen 0.10/turn               (no ring)

@: no status effects
A: sickness immunity, AC +3, negative energy resistance 1, electricity
resistance, torment resistance 1, petrification resistance
a: no special abilities


You were on level 2 of the Dungeon.
You visited 1 branch of the dungeon, and saw 2 of its levels.

You collected 66 gold pieces.

Inventory:

Hand Weapons
 h - a +0 club (weapon)
Armour
 a - a +0 robe (worn)
Jewellery
 i - a ring of flight
Scrolls
 e - a scroll of silence {unknown}
 f - a scroll of immolation {unknown}
 k - a scroll of identify {unknown}
Potions
 b - a potion of magic
 c - a potion of heal wounds {unknown}
 d - a potion of might {unknown}
 g - 2 potions of curing {unknown}
 j - 2 potions of berserk rage {unknown}
 l - a potion of flight {unknown}


   Skills:
 + Level 1.9 Dodging
 - Level 2.1 Stealth
 + Level 2.2 Spellcasting
 + Level 1.1 Conjurations
 + Level 3.8 Fire Magic


You couldn't memorise any spells.
You knew the following spells:

 Your Spells              Type           Power      Damage    Failure   Level
a - Foxfire               Conj/Fire      40%        2x1d6     7%          1
b - Scorch                Fire           30%        2d6       6%          2
c - Conjure Flame         Conj/Fire      10%        6-21      21%         3

Your spell library contained the following spells:

 Spells                   Type           Power      Damage    Failure   Level
 Inner Flame              Hex/Fire       8%         N/A       26%         3
 Flame Wave               Conj/Fire      10%        2d6       56%         4


Dungeon Overview and Level Annotations

Branches:
Dungeon (2/15)

Altars:

Shops:
D:1 (   D:2 *

Annotations:
D:2 Terence


Innate Abilities, Weirdness & Mutations

You are immune to sickness and miasma.
Your stone body is resilient. (AC +3)
You are immune to poison.
You resist negative energy. (rN+)
You are resistant to electric shocks. (rElec)
You are resistant to unholy torment.
You are immune to petrification.


Message History

You hit Terence but do no damage.
Terence is moderately wounded.
Terence hits you but does no damage.
You hit Terence but do no damage.
Terence is moderately wounded.
Terence hits you with a +0 hand axe. Terence closely misses you.
You barely miss Terence.
Terence is moderately wounded.
Terence barely misses you.
You hit Terence but do no damage.
Terence is moderately wounded.
Terence hits you with a +0 hand axe.
You closely miss Terence.
Terence is moderately wounded.
Terence hits you with a +0 hand axe. Terence barely misses you.
Casting: Foxfire (safe; 7% risk of failure)
Confirm with . or Enter, or press ? or * to list all spells.
You conjure some foxfire!
Terence hits you with a +0 hand axe.
* * * LOW HITPOINT WARNING * * *
You hit Terence but do no damage.
Terence is moderately wounded.
The foxfire hits Terence.
Terence resists.
Terence is moderately wounded.
The foxfire hits Terence.
Terence resists.
Terence is heavily wounded.
Terence barely misses you.
You hit Terence but do no damage.
Terence is heavily wounded.
Terence barely misses you.
You hit Terence but do no damage.
Terence is heavily wounded.
Terence completely misses you. Terence closely misses you.
You hit Terence but do no damage.
Terence is heavily wounded.
Terence hits you with a +0 hand axe.
* * * LOW HITPOINT WARNING * * *
You barely miss Terence.
Terence is heavily wounded.
Terence hits you with a +0 hand axe.
You die...

#......#####.#####..###
# #.###### #.# #....# #
#.# #.# #.##.# # #.#
#+## #.##.# # #.#
#...## #.##.### #.##
#.....# #....... #..##
##....... ####..##
##...####........
####...#
#.......'@?......
+.......
#......##@.......
####...#
#...##.###....... #..##
#....#.# #.....# #.##
#.##.#.# #...## #.# #.
.#.# #+## #< #. ...# #.
###


You could see Terence.

Vanquished Creatures
  A dart slug (D:1)
  7 endoplasms (D:1)
  3 giant cockroaches (D:1)
  A goblin (D:1)
  A hobgoblin (D:1)
  3 kobolds (D:1)
  2 quokkas (D:1)
  A ball python (D:1)
  A bat (D:1)
  6 rats (D:1)
  A spectral kobold (D:1)
27 creatures vanquished.

Vanquished Creatures (others)
  69 foxfires
69 creatures vanquished.

Grand Total: 96 creatures vanquished

Notes
Turn   | Place    | Note
-------+----------+-------------------------------------------
     0 | D:1      | funkygono the Gargoyle Fire Elementalist began the quest
                  | for the Orb.
     0 | D:1      | Reached XP level 1. HP: 10/10 MP: 3/3
   153 | D:1      | Reached XP level 2. HP: 15/15 MP: 3/5
   156 | D:1      | Learned a level 2 spell: Scorch
   523 | D:1      | Found Wianogymn's Weapon Shop.
   714 | D:1      | Reached XP level 3. HP: 19/19 MP: 3/6
   718 | D:1      | Learned a level 3 spell: Conjure Flame
   991 | D:1      | Found a faded altar of an unknown god.
  1189 | D:2      | Found Lisul's General Store.
  1249 | D:2      | Noticed Terence
  1269 | D:2      | Slain by Terence

Illustrated notes

Levels and vault maps discovered:
D:1:      wander_arrival_desolate, layout_loops_ring,
          dreamdust_ecumenical_altar_drowned_temple, serial_shops,
          nicolae_shop_hallway_plus, minivault_27
D:2:      layout_loops_corners, serial_shops, shop, shop, nicolae_shop_stone,
          minmay_hexomino_u4, uniq_terence

Action                   || total
-------------------------++-------
Melee: Unarmed           ||     3
       Punch             ||     1
       Club              ||    19
 Cast: Foxfire           ||    41
       Scorch            ||     2
Armor: Robe              ||     4
Dodge: Dodged            ||    13
